Map: 블랙번 - 래더

Players

Percival

  • Race: Terran Terran

Zoun - Winner!

  • Race: Protoss Protoss
  • League: Master

Event: DreamHack SC2 Masters Last Chance 2022

VOD

Have the link to the VOD?

Description

Time

  • Played on: Dec. 15, 2021, 6:20 a.m.
  • Length: 3:33

All games in this series

Show
View Real Time Build Order
Export as new Build Order

Percival Terran 

Build Orders:  

Get SALT Encoding   

  12  0:00  SCV  
  13  0:12  SCV  
  14  0:17  Supply Depot  
  14  0:20  Supply Depot  
  14  0:24  SCV  
  15  0:41  SCV  
  16  0:43  Barracks  
  16  0:57  Supply Depot  
  16  1:05  Barracks  
  16  1:17  Barracks  
  16  1:30  Marine  
  17  1:34  Orbital Command  
  17  1:48  Marine  
  17  1:52  Marine  
  18  2:03  Marine  
  18  2:06  Marine  
  18  2:08  SCV  
  21  2:10  Marine  
  22  2:21  Marine  
  23  2:24  Marine  
  23  2:28  Marine  
  25  2:39  Marine  
  25  2:42  Marine  
  27  2:46  Marine  
  28  2:57  Marine  
  29  3:00  Marine  
  27  3:12  Marine  
  20  3:14  Marine  
Show
View Real Time Build Order
Export as new Build Order

Zoun Protoss - Winner!

Build Orders: 1 Gate Expand 

Get SALT Encoding   

  12  0:00  Probe  
  13  0:12  Probe  
  14  0:17  Pylon  
  14  0:24  Probe (Chrono Boost)  
  15  0:36  Probe (Chrono Boost)  
  15  0:37  Gateway  
  16  0:44  Probe (Chrono Boost)  
  16  0:45  Assimilator  
  17  0:51  Probe  
  18  1:03  Probe  
  19  1:15  Probe  
  20  1:24  Cybernetics Core  
  20  1:33  Nexus  
  20  1:35  Probe  
  21  1:43  Pylon  
  21  1:47  Probe  
  21  1:51  Assimilator  
  22  1:58  Stalker (Chrono Boost)  
  24  2:06  Shield Battery  
  24  2:11  Shield Battery  
  24  2:21  Stalker (Chrono Boost)  
  26  2:29  Shield Battery  
  26  2:46  Stalker (Chrono Boost)  
  26  2:47  Gateway  

Tags
 
Add a new tag
Caveats
  • Supply blocks, unpowered buildings, or Contaminate may cause inaccurate times.
  • Supply counts are checked every 10 seconds.